 Dungeon Crawl Stone Soup version 0.21.1-1-g345015f (webtiles) character file.

303508 shakethe the Executioner (level 21, -20/184 HPs)
             Began as a Hill Orc Fighter on Feb 17, 2018.
             Was the Champion of Makhleb.
             Killed from afar by Monsterracer's ghost (37 damage)
             ... with a shard of ice
             ... on level 4 of the Shoals on Feb 18, 2018.
             The game lasted 03:48:14 (49253 turns).

shakethe the Executioner (Hill Orc Fighter)        Turns: 49253, Time: 03:48:15

Health: -20/184    AC: 38    Str: 28    XL:     21   Next: 45%
Magic:  35/35      EV: 13    Int: 19    God:    Makhleb [******]
Gold:   3210       SH:  4    Dex: 10    Spells: 12/40 levels left

rFire    . . .     SeeInvis +   a - +7 executioner's axe "Wiont" {freeze, rElec Dex+2}
rCold    + . .     Gourm    .   (shield currently unavailable)
rNeg     + + .     Faith    .   I - +7 ice dragon scales of Dotec {rF- rC++ rN++}
rPois    .         Spirit   .   k - +2 helmet
rElec    +         Reflect  +   j - +2 cloak {MR+}
rCorr    .         Harm     .   H - +2 pair of gloves
MR       ++++.                  L - +2 pair of boots {Fly}
Stlth    ..........             V - +4 amulet of reflection
HPRegen  0.40/turn              t - ring of Fatigue {MR++ Dex-2 SInv}
MPRegen  0.24/turn              Y - ring of Freedom {Fire Str+4 Int+4 Stlth+}

@: lethally poisoned (-20 -> -21), flying
A: claws 1, slimy green scales 1, yellow scales 1, strong 1
}: 1/15 runes: gossamer
a: Minor Destruction, Lesser Servant of Makhleb, Major Destruction, Greater
Servant of Makhleb, Renounce Religion, Stop Flying


You were on level 4 of the Shoals.
You worshipped Makhleb.
Makhleb was exalted by your worship.
You were not hungry.

You visited 7 branches of the dungeon, and saw 35 of its levels.
You also visited: Ossuary, Ice Cave and Desolation.

You collected 5213 gold pieces.
You spent 2003 gold pieces at shops.

Inventory:

Hand Weapons
 a - the +7 executioner's axe "Wiont" (weapon) {freeze, rElec Dex+2}
   (You acquired it on level 15 of the Dungeon)

   It has been specially enchanted to freeze those struck by it, causing extra
   injury to most foes and up to half again as much damage against particularly
   susceptible opponents.
   It can also slow down cold-blooded creatures.
   It affects your dexterity (+2).
   It insulates you from electricity.
 b - the +3 trident of Hymits {speed, rPois rF+ Str-5 SInv}
   (You found it on level 6 of the Dungeon)

   Attacks with this weapon are significantly faster.
   It affects your strength (-5).
   It protects you from fire.
   It protects you from poison.
   It lets you see invisible.
Missiles
 u - a throwing net {=f, !d}
Armour
 j - a +2 cloak of magic resistance (worn)
   (You found it on level 3 of the Elven Halls)
 k - a +2 helmet (worn)
   (You found it on level 1 of the Dungeon)
 E - the +5 chain mail "Gipiyn" {Int+7}
   (You acquired it on level 3 of the Shoals)

   It affects your intelligence (+7).
 H - a +2 pair of gloves (worn)
   (You found it on level 6 of the Dungeon)
 I - the +7 ice dragon scales of Dotec (worn) {rF- rC++ rN++}
   (You found it in the Desolation of Salt)

   It makes you vulnerable to fire.
   It greatly protects you from cold.
   It greatly protects you from negative energy.
 L - a +2 pair of boots of flying (worn)
   (You acquired it on level 3 of the Spider Nest)
Jewellery
 t - the ring of Fatigue (left hand) {MR++ Dex-2 SInv}
   (You found it in the Desolation of Salt)

   [ring of see invisible]

   It affects your dexterity (-2).
   It affects your resistance to hostile enchantments.
   It lets you see invisible.
 V - a +4 amulet of reflection (around neck)
   (You found it on level 13 of the Dungeon)
 Y - the ring of Freedom (right hand) {Fire Str+4 Int+4 Stlth+}
   (You bought it in a shop on level 11 of the Dungeon)

   [ring of fire]

   It enhances your fire magic.
   It affects your strength (+4).
   It affects your intelligence (+4).
   It protects you from fire.
   It makes you vulnerable to cold.
   It makes you more stealthy.
Wands
 e - a wand of paralysis (79)
   (You found it on level 10 of the Dungeon)
 s - a wand of enslavement (8)
   (You found it on level 12 of the Dungeon)
 B - a wand of digging (24)
   (You found it on level 2 of the Lair of Beasts)
 S - a wand of polymorph (31)
   (You found it on level 6 of the Lair of Beasts)
Scrolls
 d - 2 scrolls of identify
 n - 13 scrolls of remove curse
 p - a scroll of amnesia
 q - 4 scrolls of fog
 v - 8 scrolls of blinking {!r}
 A - 5 scrolls of immolation {!r}
 C - 16 scrolls of teleportation
 F - 5 scrolls of enchant weapon
 K - 5 scrolls of fear
 M - 5 scrolls of magic mapping {!r}
 N - a scroll of silence
 O - a scroll of holy word {!r}
 P - 2 scrolls of brand weapon
 Q - 3 scrolls of vulnerability {!r!r}
 W - a scroll of torment {!r}
Potions
 c - 9 potions of brilliance
 g - 5 potions of mutation {!q}
 h - 7 potions of lignification {!q}
 l - 4 potions of magic
 m - 4 potions of berserk rage {!q}
 o - a potion of resistance
 r - 9 potions of curing
 w - 2 potions of agility
 G - 5 potions of heal wounds
 U - 3 potions of cancellation
Miscellaneous
 x - 2 boxes of beasts
 y - 2 sacks of spiders
 z - a lightning rod (4/4)
   (You found it on level 3 of the Elven Halls)
 D - a fan of gales
   (You found it on level 1 of the Lair of Beasts)
 J - 2 phantom mirrors
 T - a phial of floods
   (You found it on level 5 of the Lair of Beasts)
Comestibles
 f - 36 rations


   Skills:
 - Level 15.1 Fighting
 * Level 25.3 Axes
 - Level 11.2 Armour
 - Level 6.1 Dodging
   Level 3.2 Shields
 - Level 10.2 Spellcasting
 - Level 5.5 Charms
 - Level 5.2 Summonings
 - Level 9.7 Necromancy
 - Level 5.7 Transmutations
 - Level 6.8 Air Magic
 - Level 11.4 Earth Magic
 - Level 12.3 Invocations
 - Level 7.5 Evocations


You had 12 spell levels left.
You knew the following spells:

 Your Spells              Type           Power        Failure   Level  Hunger
a - Statue Form           Tmut/Erth      #####....    56%         6    ######.
b - Borgnjor's Vile Clut  Necr/Erth      ######....   5%          5    #####..
c - Summon Lightning Spi  Summ/Air       ####....     13%         4    ##.....
g - Apportation           Tloc           #.....       16%         1    None
r - Regeneration          Chrm/Necr      #####.....   1%          3    None
s - Swiftness             Chrm/Air       ####....     1%          2    None
w - Passwall              Tmut/Erth      #####.....   1%          2    None
z - Lee's Rapid Deconstr  Erth           ######....   3%          5    #####..


Dungeon Overview and Level Annotations

Branches:
Dungeon (15/15)            Temple (1/1) D:7            Lair (6/6) D:9
 Shoals (4/4) Lair:2       Spider (4/4) Lair:3        Slime (0/5) Lair:6
    Orc (2/2) D:10            Elf (3/3) Orc:2        Vaults (0/5) D:14
 Depths (0/5) D:15

Altars:
Ashenzari
Cheibriados
Dithmenos
Elyvilon
Fedhas
Gozag
Hepliaklqana
Kikubaaqudgha
Makhleb
Nemelex Xobeh
Okawaru
Qazlal
Ru
Sif Muna
Trog
Uskayaw
Vehumet
Wu Jian
Xom
Yredelemnul
Zin
The Shining One
Beogh

Shops:
D:6 [   D:9 ?   D:10 *   D:11 =   D:15 }   Orc:2 *%((   Elf:1 %   Elf:3 [}[

Annotations:
Lair:4 exclusion: 3 oklob plants
Shoals:4 Monsterracer's ghost, adept HuIE


Innate Abilities, Weirdness & Mutations

You have sharp fingernails.
You are partially covered in slimy green scales. (AC +2)
You are partially covered in yellow scales. (AC +2)
Your muscles are strong. (Str +2)


Message History

You see here a steel javelin.
You take 1 damage, and have 119/184 hp.
You are engulfed in a cloud of scalding steam.
The merfolk siren barely misses you.
Monsterracer's ghost hits you but does no damage.
Your smoke demon gestures at Monsterracer's ghost.
Monsterracer's ghost is smitten.
You barely miss the merfolk siren. You hit Monsterracer's ghost.
You freeze Monsterracer's ghost. You slash the plant! You freeze the plant.
The merfolk siren completely misses you.
Monsterracer's ghost hits you but does no damage.
Your smoke demon completely misses Monsterracer's ghost.
Your smoke demon hits Monsterracer's ghost but does no damage.
Your smoke demon closely misses Monsterracer's ghost.
You hit the merfolk siren. You freeze the merfolk siren. You slice the plant!!
You freeze the plant! You slice Monsterracer's ghost!!
You freeze Monsterracer's ghost!
You feel sick.
The plant is engulfed in a cloud of scalding steam.
The merfolk siren hits you but does no damage.
You take 1 damage, and have 119/184 hp.
You closely miss the merfolk siren.
You hit Monsterracer's ghost but do no damage.
You slice the plant!! You freeze the plant.
You destroy the plant!
Your smoke demon hits Monsterracer's ghost but does no damage.
Your smoke demon closely misses Monsterracer's ghost.
Your smoke demon hits Monsterracer's ghost.
Monsterracer's ghost hits you!
You take 8 damage, and have 111/184 hp.
You slash the merfolk siren! You freeze the merfolk siren.
You miss Monsterracer's ghost.
The merfolk siren hits you but does no damage.
Your smoke demon closely misses Monsterracer's ghost.
Your smoke demon hits Monsterracer's ghost but does no damage.
Your smoke demon closely misses Monsterracer's ghost.
Monsterracer's ghost hits you!
You take 10 damage, and have 101/184 hp.
You slice the merfolk siren!! You freeze the merfolk siren.
You kill the merfolk siren!
Makhleb accepts your kill.
You feel better.
You hear a splash.
You slash Monsterracer's ghost! You freeze Monsterracer's ghost.
You regained 11 hp, and now have 112/184 hp.
You miss Monsterracer's ghost.
Monsterracer's ghost says, "What's the hurry?
You'll die anyway."
Monsterracer's ghost gestures at you while chanting.
The shard of ice hits you! You partially resist.
Your smoke demon hits Monsterracer's ghost.
Your smoke demon hits Monsterracer's ghost but does no damage.
Your smoke demon completely misses Monsterracer's ghost.
You take 20 damage, and have 92/184 hp.
You hit Monsterracer's ghost but do no damage.
You feel sick.
Monsterracer's ghost gestures at you while chanting.
The shard of ice hits you! You partially resist.
Your smoke demon hits Monsterracer's ghost but does no damage.
Your smoke demon hits Monsterracer's ghost.
Your smoke demon hits Monsterracer's ghost but does no damage.
You take 11 damage, and have 81/184 hp.
You barely miss Monsterracer's ghost.
Monsterracer's ghost sprays you with burning goo.
The sticky flame hits you!
Your smoke demon misses Monsterracer's ghost.
Your smoke demon hits Monsterracer's ghost but does no damage.
Your smoke demon misses Monsterracer's ghost.
You take 4 damage, and have 77/184 hp.
You miss Monsterracer's ghost.
You are engulfed in a cloud of scalding steam.
You slash Monsterracer's ghost! You freeze Monsterracer's ghost.
You are engulfed in a cloud of scalding steam.
Your smoke demon gestures at Monsterracer's ghost.
The sticky flame hits Monsterracer's ghost.
Monsterracer's ghost resists.
Monsterracer's ghost points at your smoke demon and mumbles some strange words.
The shard of ice hits your smoke demon.
Your smoke demon dies!
You closely miss Monsterracer's ghost.
Monsterracer's ghost turns its malevolent gaze towards you.
You are engulfed in a cloud of scalding steam.
Monsterracer's ghost hits you!
You take 16 damage, and have 61/184 hp.
You feel sick.
Monsterracer's ghost casts a spell at you.
The fireball explodes!
The fireball engulfs you!
* * * LOW HITPOINT WARNING * * *
You hear a shout! x2
You take 24 damage, and have 37/184 hp.
You feel sick.
Monsterracer's ghost casts a spell at you.
The fireball explodes!
The fireball engulfs you!
* * * LOW HITPOINT WARNING * * *
You hear a shout! x2
There is a stone staircase leading up here.
Things that are here:
a steel javelin; a tomahawk You take 21 damage, and have 16/184 hp.
Monsterracer's ghost gestures at you while chanting.
The shard of ice hits you! You partially resist.
You die...

≈#≈#≈≈P≈P≈≈≈≈≈≈P≈≈≈≈≈
#≈≈≈#≈≈≈≈≈≈P≈≈≈≈≈≈≈≈≈≈
≈≈≈≈≈#≈≈≈≈P≈≈≈≈≈≈≈≈≈≈≈≈≈≈
≈≈≈≈≈≈≈≈≈≈≈≈P≈≈≈≈≈≈≈≈≈≈≈≈
≈≈≈≈≈#≈((≈≈≈≈)≈≈≈≈≈≈≈≈≈≈≈
#≈≈≈#≈)≈≈≈≈)≈≈≈≈≈≈≈≈≈≈.≈≈
≈ #≈...))≈(≈≈≈≈≈≈≈$≈≈..≈
≈.............§≈≈≈≈≈≈...
...........W..@.).≈≈≈≈...
................())≈≈≈...
...............≈))≈≈≈≈...
..%........%..≈≈≈≈≈≈≈≈...
≈#.#.........≈≈≈≈≈≈≈...
###........≈≈≈≈≈≈≈≈≈..
##......≈≈≈≈≈≈≈≈≈≈≈.
#......≈≈≈≈≈≈≈≈≈≈≈≈
..........≈≈≈≈≈≈≈


You could see Monsterracer's ghost.

Vanquished Creatures
  Nikola (Shoals:1)
  3 deep elf master archers (Elf:3)
  5 deep elf blademasters
  A kraken (Shoals:3)
  Agnes (Elf:1)
  Polyphemus (Shoals:3)
  Ilsuiw (Shoals:4)
  Donald (Spider:1)
  A frost giant (D:15)
  2 deep elf sorcerers
  3 ghost moths
  2 imperial myrmidons (Desolation)
  Louise (Spider:2)
  6 emperor scorpions
  A deep elf elementalist (Elf:3)
  2 entropy weavers (Lair:5)
  A war gargoyle (D:12)
  3 deep elf demonologists
  12 deep elf annihilators
  Azrael (D:15)
  A spark wasp (Spider:4)
  2 halazid warlocks (Desolation)
  Snorg (D:12)
  2 crystal guardians (Desolation)
  3 merfolk javelineers
  5 deep elf death magi (Elf:3)
  9 ragged hierophants (Desolation)
  10 merfolk impalers
  2 ogre magi (Orc:2)
  8 vault guards (D:14)
  3 deep elf high priests
  Fannar (Lair:3)
  9 peacekeepers (Desolation)
  5 servants of whispers (Desolation)
  2 catoblepae
  8 centaur warriors
  11 hydras
  Harold (D:11)
  A death knight (D:14)
  An alligator snapping turtle (Shoals:1)
  4 merfolk avatars
  2 ice dragons (IceCv)
  3 satyrs
  A queen ant (Lair:5)
  14 two-headed ogres
  25 dancing weapons
  8 merfolk aquamancers
  3 death yaks (Shoals:3)
  8 death scarabs (Spider:4)
  An orc high priest (Orc:2)
  3 tengu warriors
  Urug (Lair:5)
  11 deep elf knights
  A spectral emperor scorpion (Spider:4)
  The ghost of Phong the Archer, a novice CeHu of Okawaru (D:7)
  A skeletal warrior (D:13)
  A fire crab (shapeshifter) (D:14)
  2 deep trolls (Orc:2)
  2 unseen horrors
  17 harpies
  5 spectral wolf spiders (Spider:4)
  8 sea snakes
  9 deep elf archers
  2 orc knights
  3 phantasmal warriors
  4 ironbrand convokers (Desolation)
  23 orb spiders
  Pikel (D:8)
  62 deep elf magi
  23 wolf spiders
  22 fauns
  An ugly thing (D:14)
  11 cyclopes
  5 wolf spider zombies
  An oklob plant (Lair:4)
  2 orc sorcerers
  5 manticores
  4 elephants (Lair:6)
  3 moths of wrath
  4 water nymphs
  A guardian serpent (Desolation)
  2 gargoyles
  2 ice statues (IceCv)
  26 spiny frogs
  6 merfolk sirens
  2 molten gargoyles (Desolation)
  3 black mambas (Lair:6)
  2 torpor snails
  4 rime drakes
  3 spectral redbacks (Spider:4)
  4 komodo dragons
  20 demonic crawlers
  A kobold demonologist (D:15)
  2 tengu conjurers
  32 jumping spiders
  18 merfolk
  10 trolls
  Prince Ribbit (D:9)
  11 slime creatures
  28 blink frogs
  3 wind drakes
  2 tarantella zombies (Spider:4)
  7 hornets
  4 spectral jumping spiders (Spider:4)
  3 dream sheep (Shoals:3)
  3 spectral tarantellas (Spider:4)
  A snapping turtle (shapeshifter) (D:15)
  4 tyrant leeches (Lair:6)
  3 jumping spider zombies (Spider:4)
  57 saltlings (Desolation)
  5 hippogriffs
  9 snapping turtles
  23 water elementals
  A vampire (D:13)
  2 air elementals
  A human (D:7)
  23 tarantellas
  39 redbacks
  A spriggan (shapeshifter) (D:14)
  49 yaks
  3 basilisks
  3 wraiths (D:13)
  4 wyverns
  A basilisk (shapeshifter) (D:12)
  5 fire elementals
  4 hogs (D:7)
  A steam dragon (D:10)
  A hungry ghost (D:10)
  9 vampire mosquitoes
  3 wargs
  11 soldier ants
  An acid dragon (D:12)
  7 porcupines
  17 ice beasts
  10 water moccasins
  2 slaves (D:8)
  2 eyes of draining
  24 orc warriors
  5 sky beasts
  2 necrophages
  4 black bears
  3 phantoms
  27 ogres
  42 wolves
  13 centaurs
  19 crocodiles
  3 big kobolds
  28 bullfrogs
  5 earth elementals
  9 scorpions
  A wyvern skeleton (D:10)
  24 wights
  6 killer bees (D:10)
  4 electric eels
  8 howler monkeys
  3 crimson imps
  2 bullfrog zombies (D:11)
  2 centaur zombies
  2 jellies
  2 quasits
  7 hounds
  A human zombie (Ossuary)
  23 orc priests
  20 orc wizards
  4 centaur skeletons
  8 bullfrog skeletons
  Ijyb (D:5)
  10 iguanas
  23 worker ants
  A killer bee zombie (D:6)
  3 hound zombies
  3 mummies
  A worker ant zombie (D:6)
  4 gnolls
  A howler monkey skeleton (D:8)
  14 adders
  5 shadow imps
  An ooze (D:3)
  An adder skeleton (D:6)
  A worm (D:4)
  2 dart slugs (D:2)
  5 leopard geckos
  71 orcs
  7 bats
  A bat zombie (D:1)
  5 giant cockroaches
  3 gnoll zombies (Ossuary)
  10 goblins
  5 hobgoblins
  9 jackals
  4 quokkas
  4 frilled lizards
  A giant cockroach zombie (D:5)
  2 goblin zombies (Ossuary)
  3 hobgoblin zombies (Ossuary)
  2 jackal zombies
  17 kobolds
  5 orc zombies (Ossuary)
  A quokka skeleton (D:8)
  2 quokka zombies (D:5)
  6 rats
  5 fungi
  14 plants
  4 tentacles (Shoals:3)
  A withered plant (D:15)
1502 creatures vanquished.

Vanquished Creatures (collateral kills)
  A merfolk javelineer (Shoals:4)
  A two-headed ogre (D:12)
  A merfolk aquamancer (Shoals:4)
  A merfolk (Shoals:4)
  A water elemental (Shoals:4)
  A hungry ghost (D:12)
6 creatures vanquished.

Vanquished Creatures (others)
  Asterion (Elf:3)
  3 fungi
  49 plants
  4 tentacles (Shoals:3)
57 creatures vanquished.

Grand Total: 1565 creatures vanquished

Notes
Turn   | Place    | Note
-------+----------+-------------------------------------------
     0 | D:1      | shakethe the Hill Orc Fighter began the quest for the Orb.
     0 | D:1      | Reached XP level 1. HP: 19/19 MP: 1/1
    66 | D:1      | Reached skill level 3 in Axes
   222 | D:1      | Reached XP level 2. HP: 27/27 MP: 2/2
   437 | D:1      | Reached skill level 4 in Fighting
   440 | D:1      | Reached skill level 4 in Axes
   440 | D:1      | Reached XP level 3. HP: 24/33 MP: 3/3
   446 | D:2      | HP: 8/33 [gnoll (6)]
   871 | D:2      | Reached XP level 4. HP: 37/41 MP: 4/4
   927 | D:2      | Reached skill level 5 in Axes
  1461 | D:3      | HP: 5/41 [orc priest/nerve-wracking pain (10)]
  1464 | D:3      | Reached XP level 5. HP: 6/47 MP: 5/5
  1914 | D:3      | Reached skill level 5 in Fighting
  1914 | D:3      | Reached skill level 6 in Axes
  2347 | D:4      | Reached XP level 6. HP: 37/56 MP: 6/6
  2360 | D:4      | Reached skill level 7 in Axes
  2508 | D:4      | Found a sand-covered staircase.
  2523 | Ossuary  | Entered an ossuary
  2753 | Ossuary  | Reached skill level 6 in Fighting
  2890 | D:4      | Reached skill level 8 in Axes
  2890 | D:4      | Reached XP level 7. HP: 62/63 MP: 7/7
  2994 | D:4      | Got a fine ring mail
  3006 | D:4      | Identified the +0 ring mail "Guatzusk" {*Contam rN+ Str+4 Int+2} (You found it on level 4 of the Dungeon)
  3449 | D:4      | Reached skill level 9 in Axes
  3564 | D:5      | Entered Level 5 of the Dungeon
  3837 | D:5      | Noticed Ijyb
  3845 | D:5      | Killed Ijyb
  3954 | D:5      | Found a sparkling altar of Nemelex Xobeh.
  4174 | D:5      | Reached skill level 7 in Fighting
  4174 | D:5      | Reached XP level 8. HP: 72/73 MP: 8/8
  4185 | D:5      | Reached skill level 10 in Axes
  4385 | D:6      | Got a bone trident
  4386 | D:6      | Identified the cursed +3 trident of Hymits {speed, rPois rF+ Str-5 SInv} (You found it on level 6 of the Dungeon)
  4547 | D:6      | Reached skill level 11 in Axes
  4698 | D:6      | Found Puilugapp's Armour Shop.
  4700 | D:6      | Reached skill level 8 in Fighting
  4836 | D:7      | Found a staircase to the Ecumenical Temple.
  4914 | Temple   | Entered the Ecumenical Temple
  5075 | Temple   | Became a worshipper of Makhleb the Destroyer
  5105 | D:7      | Found a snail-covered altar of Cheibriados.
  5234 | D:7      | Noticed Phong's ghost (novice CeHu)
  5254 | D:7      | HP: 15/75 [Phong's ghost (11)]
  5255 | D:7      | Killed Phong's ghost
  5255 | D:7      | Reached skill level 9 in Fighting
  5255 | D:7      | Reached skill level 12 in Axes
  5255 | D:7      | Reached XP level 9. HP: 17/83 MP: 9/9
  5890 | D:7      | Reached skill level 13 in Axes
  6009 | D:8      | Reached skill level 10 in Fighting
  6018 | D:8      | Learned a level 2 spell: Swiftness
  6020 | D:8      | Learned a level 1 spell: Apportation
  6023 | D:8      | Learned a level 2 spell: Passwall
  6038 | D:8      | Noticed a two-headed ogre
  6045 | D:8      | Killed a two-headed ogre
  6045 | D:8      | Reached skill level 14 in Axes
  6045 | D:8      | Reached skill level 1 in Spellcasting
  6045 | D:8      | Reached skill level 1 in Charms
  6045 | D:8      | Reached skill level 1 in Air Magic
  6045 | D:8      | Reached skill level 2 in Invocations
  6045 | D:8      | Reached XP level 10. HP: 93/93 MP: 9/11
  6347 | D:8      | Reached * piety under Makhleb
  6389 | D:8      | Noticed Pikel
  6406 | D:8      | Killed Pikel
  6406 | D:8      | Reached skill level 4 in Armour
  6584 | D:8      | Noticed a two-headed ogre
  6591 | D:8      | Killed a two-headed ogre
  6591 | D:8      | Reached skill level 2 in Charms
  6591 | D:8      | Reached skill level 2 in Air Magic
  6591 | D:8      | Reached skill level 3 in Invocations
  7374 | D:9      | Found Kum Kuod's Magic Scroll Shop.
  7385 | D:9      | Bought a scroll of magic mapping for 45 gold pieces
  7385 | D:9      | Bought a scroll of enchant armour for 97 gold pieces
  7385 | D:9      | Bought a scroll of enchant weapon for 97 gold pieces
  7385 | D:9      | Bought a scroll of teleportation for 39 gold pieces
  7385 | D:9      | Bought a scroll of silence for 97 gold pieces
  7385 | D:9      | Bought a scroll of fog for 26 gold pieces
  7385 | D:9      | Bought a scroll of holy word for 97 gold pieces
  7385 | D:9      | Bought a scroll of brand weapon for 260 gold pieces
  7424 | D:9      | Reached skill level 2 in Spellcasting
  7444 | D:9      | Reached skill level 4 in Invocations
  7456 | D:9      | HP: 20/93 [porcupine's spines (10)]
  7573 | D:9      | Noticed Prince Ribbit
  7596 | D:9      | Reached skill level 15 in Axes
  7596 | D:9      | Reached skill level 5 in Armour
  7619 | D:9      | Killed Prince Ribbit
  7619 | D:9      | Reached XP level 11. HP: 30/99 MP: 14/14
  8113 | D:9      | Reached skill level 3 in Charms
  8310 | D:9      | Found a staircase to the Lair.
  8864 | D:10     | Entered Level 10 of the Dungeon
  8962 | D:10     | Noticed a two-headed ogre
  8975 | D:10     | Killed a two-headed ogre
  8975 | D:10     | Reached skill level 3 in Air Magic
  9135 | D:10     | Reached ** piety under Makhleb
  9156 | D:10     | Found a staircase to the Orcish Mines.
  9209 | D:10     | Reached skill level 5 in Invocations
  9475 | D:10     | Found Zesuikhi's Assorted Antiques.
 10252 | D:10     | Reached skill level 3 in Spellcasting
 10314 | D:10     | HP: 23/99 [killer bee (7)]
 10316 | D:10     | Reached *** piety under Makhleb
 10339 | D:10     | HP: 24/99 [poisoned by a killer bee]
 10346 | D:10     | HP: 23/99 [poisoned by a killer bee]
 10353 | D:10     | HP: 23/99 [poisoned by a killer bee]
 10361 | D:10     | HP: 23/99 [poisoned by a killer bee]
 10703 | D:11     | Found Ilat's Jewellery Shoppe.
 10782 | D:10     | HP: 24/99 [poisoned by a killer bee]
 10789 | D:10     | HP: 24/99 [poisoned by a killer bee]
 10797 | D:10     | HP: 24/99 [poisoned by a killer bee]
 11291 | D:10     | Reached skill level 6 in Armour
 11313 | D:11     | Noticed a cyclops
 11798 | D:11     | Noticed Harold
 11821 | D:11     | Killed Harold
 11821 | D:11     | Reached skill level 4 in Charms
 11821 | D:11     | Reached skill level 6 in Invocations
 11995 | D:10     | Reached skill level 4 in Air Magic
 11996 | D:10     | Reached skill level 16 in Axes
 12260 | D:11     | Killed a cyclops
 12260 | D:11     | Reached XP level 12. HP: 102/106 MP: 17/17
 12795 | D:12     | Reached **** piety under Makhleb
 13202 | D:12     | Reached skill level 4 in Spellcasting
 13284 | D:12     | Noticed a two-headed ogre
 13673 | D:12     | Reached skill level 7 in Armour
 13673 | D:12     | Reached skill level 7 in Invocations
 13848 | D:12     | Reached skill level 5 in Charms
 13919 | D:12     | Noticed a centaur warrior
 13931 | D:12     | HP: 14/107 [centaur warrior/arrow (16)]
 14280 | D:12     | Killed a centaur warrior
 14342 | D:12     | Killed a two-headed ogre
 14692 | D:12     | Noticed a four-headed hydra
 14701 | D:12     | Killed a four-headed hydra
 14701 | D:12     | Reached skill level 5 in Air Magic
 14731 | D:12     | Noticed a centaur warrior
 14738 | D:12     | Killed a centaur warrior
 14742 | D:12     | Noticed a seven-headed hydra
 15111 | D:12     | Killed an eight-headed hydra
 15161 | D:12     | Noticed a two-headed ogre
 15168 | D:12     | Killed a two-headed ogre
 15198 | D:12     | Noticed a war gargoyle
 15203 | D:12     | HP: 12/108 [war gargoyle/spray of metal splinters (38)]
 15824 | D:12     | Gained mutation: You are frail. (-10% HP) [mutagenic glow]
 15827 | D:12     | Lost mutation: You are frail. (-10% HP) [potion of mutation]
 15827 | D:12     | Gained mutation: You are partially covered in yellow scales. (AC +2) [potion of mutation]
 15827 | D:12     | Gained mutation: You have sharp fingernails. [potion of mutation]
 15827 | D:12     | Gained mutation: Your muscles are strong. (Str +2) [potion of mutation]
 15827 | D:12     | Gained mutation: You are partially covered in slimy green scales. (AC +2) [potion of mutation]
 15956 | Lair:1   | Entered Level 1 of the Lair of Beasts
 15960 | Lair:1   | Reached skill level 8 in Invocations
 15975 | Lair:1   | Reached skill level 1 in Evocations
 16091 | Lair:1   | Reached XP level 13. HP: 103/115 MP: 20/20
 16414 | Lair:1   | Reached skill level 8 in Armour
 16626 | D:9      | Learned a level 5 spell: Lee's Rapid Deconstruction
 16846 | Lair:2   | Reached skill level 1 in Earth Magic
 16846 | Lair:2   | Reached skill level 2 in Evocations
 16880 | Lair:2   | Reached skill level 11 in Fighting
 16883 | Lair:2   | Reached skill level 1 in Dodging
 16929 | Lair:2   | Got a spiked scale mail
 16941 | Lair:2   | Identified the +2 scale mail of Behuceam {Int+7} (You found it on level 2 of the Lair of Beasts)
 17113 | Lair:2   | Reached skill level 17 in Axes
 17143 | Lair:2   | Found a staircase to the Shoals.
 17577 | Lair:3   | Reached skill level 5 in Spellcasting
 17655 | Lair:3   | Reached ***** piety under Makhleb
 17722 | Lair:3   | Noticed Fannar
 17765 | Lair:3   | Killed Fannar
 17765 | Lair:3   | Reached skill level 2 in Earth Magic
 17826 | Lair:3   | Reached skill level 2 in Dodging
 17826 | Lair:3   | Reached skill level 9 in Invocations
 17826 | Lair:3   | Reached skill level 3 in Evocations
 17846 | Lair:3   | Found a frozen archway.
 17856 | IceCv    | Entered an ice cave
 18600 | IceCv    | Noticed an ice dragon
 18601 | IceCv    | Noticed an ice dragon
 18610 | IceCv    | Killed an ice dragon
 18614 | IceCv    | Killed an ice dragon
 18695 | IceCv    | Got a smoking graven amulet
 18900 | Lair:3   | Identified the amulet "Pifre" {Harm *Drain Dex+3} (You found it in an ice cave)
 18963 | Lair:3   | Found a hole to the Spider Nest.
 19410 | Lair:3   | Reached skill level 3 in Earth Magic
 19572 | Lair:3   | Identified a scroll of acquirement
 19650 | Lair:4   | Reached XP level 14. HP: 124/124 MP: 22/22
 19668 | Lair:4   | Reached ****** piety under Makhleb
 19668 | Lair:4   | Reached skill level 9 in Armour
 19673 | Lair:4   | Reached skill level 3 in Dodging
 19847 | Lair:4   | Learned a level 5 spell: Borgnjor's Vile Clutch
 19851 | Lair:4   | Learned a level 3 spell: Regeneration
 20471 | Lair:4   | Reached skill level 4 in Evocations
 20781 | Lair:5   | Noticed an entropy weaver
 20797 | Lair:5   | Noticed an entropy weaver
 20797 | Lair:5   | Killed an entropy weaver
 20806 | Lair:5   | Reached skill level 1 in Necromancy
 20832 | Lair:5   | Killed an entropy weaver
 20964 | D:10     | Bought a small emerald amulet for 195 gold pieces
 21100 | Lair:5   | Reached skill level 18 in Axes
 21332 | Lair:5   | Noticed Urug
 21342 | Lair:5   | Killed Urug
 21624 | Lair:6   | Entered Level 6 of the Lair of Beasts
 21633 | Lair:6   | Reached skill level 4 in Earth Magic
 21638 | Lair:6   | Reached skill level 10 in Invocations
 21765 | Lair:6   | Reached skill level 2 in Necromancy
 21778 | Lair:6   | Reached skill level 12 in Fighting
 21816 | Lair:6   | Reached skill level 6 in Spellcasting
 21976 | Lair:6   | Reached skill level 4 in Dodging
 22026 | Lair:6   | Reached skill level 5 in Evocations
 22099 | Lair:6   | Reached XP level 15. HP: 127/132 MP: 24/24
 22150 | Lair:6   | Found a staircase to the Slime Pits.
 22165 | Lair:6   | Reached skill level 3 in Necromancy
 22449 | Lair:6   | Reached skill level 5 in Earth Magic
 22989 | D:12     | HP: 18/134 [war gargoyle/spray of metal splinters (53)]
 22994 | D:12     | HP: 29/134 [poisoned by a war gargoyle]
 22999 | D:12     | HP: 30/134 [poisoned by a war gargoyle]
 23679 | D:13     | Noticed Snorg
 23694 | D:12     | Killed Snorg
 23843 | D:13     | Identified Yli Tuko's Reference Book on Transmutation and Companions
 24040 | D:13     | Reached skill level 10 in Armour
 24144 | D:13     | Reached skill level 11 in Invocations
 24562 | D:14     | Found a gate to the Vaults.
 24592 | D:14     | Reached skill level 19 in Axes
 24594 | D:14     | Reached skill level 4 in Necromancy
 24607 | D:14     | Reached skill level 6 in Evocations
 25417 | D:14     | Reached skill level 5 in Dodging
 25418 | D:14     | Found a shattered altar of Ashenzari.
 25602 | D:14     | Reached XP level 16. HP: 141/141 MP: 26/26
 25619 | D:14     | Reached skill level 6 in Earth Magic
 26119 | D:15     | Entered Level 15 of the Dungeon
 26393 | D:15     | Found a basalt altar of Yredelemnul.
 26393 | D:15     | Found a basalt altar of Yredelemnul.
 26503 | D:15     | Got a crude executioner's axe
 26504 | D:15     | Identified the +7 executioner's axe "Wiont" {freeze, rElec Dex+2} (You acquired it on level 15 of the Dungeon)
 26526 | D:15     | Noticed Azrael
 26538 | D:15     | Killed Azrael
 26631 | D:15     | Found a staircase to the Depths.
 26639 | D:15     | Reached skill level 13 in Fighting
 26689 | D:15     | Found Qausonurch's Gadget Boutique.
 27147 | Orc:1    | Entered Level 1 of the Orcish Mines
 27390 | Orc:1    | Reached skill level 5 in Necromancy
 27944 | Orc:2    | Entered Level 2 of the Orcish Mines
 27992 | Orc:2    | Found a staircase to the Elven Halls.
 28068 | Orc:2    | Reached skill level 7 in Spellcasting
 28240 | Orc:2    | Found Bippaen's Weapon Shoppe.
 28247 | Orc:2    | Found Sakkaf's Antique Weapon Emporium.
 28271 | Orc:2    | Reached skill level 7 in Evocations
 28312 | Orc:2    | Found Lohegomei's Food Shop.
 28321 | Orc:2    | Found Idduv's Assorted Antiques.
 28345 | Orc:2    | Bought a scroll of teleportation for 99 gold pieces
 28345 | Orc:2    | Bought a scroll of teleportation for 99 gold pieces
 28599 | Orc:2    | Found a roughly hewn altar of Beogh.
 28978 | Elf:1    | Entered Level 1 of the Elven Halls
 29016 | Elf:1    | Reached skill level 12 in Invocations
 29075 | Elf:1    | Reached skill level 20 in Axes
 29123 | Elf:1    | Reached skill level 7 in Earth Magic
 29128 | Elf:1    | Reached skill level 11 in Armour
 29137 | Elf:1    | Noticed Agnes
 29146 | Elf:1    | Reached XP level 17. HP: 140/150 MP: 28/28
 29159 | Elf:1    | HP: 26/150 [Agnes/lajatang of venom (24)]
 29162 | Elf:1    | Killed Agnes
 29167 | Elf:1    | HP: 37/150 [poisoned by Agnes]
 29172 | Elf:1    | HP: 37/150 [poisoned by Agnes]
 29561 | Elf:1    | Reached skill level 6 in Necromancy
 29587 | Elf:1    | Reached skill level 6 in Dodging
 30306 | Elf:1    | Found Kaepomad's Food Boutique.
 30941 | Elf:2    | Found a ruined gateway.
 30949 | Desolati | Entered the Desolation of Salt
 30998 | Desolati | Identified Istreguda's Papyrus of Vitriolic Cold
 31002 | Desolati | Got a heavily runed turquoise ring
 31007 | Desolati | Got a sparkling bronze ring
 31011 | Desolati | Identified Sif Muna's Guide on Translocation
 31022 | Desolati | HP: 35/150 [ragged hierophant/a resonance strike (7)]
 31053 | Desolati | Identified the cursed ring of Spontaneous Combustion {EV-3 Int-5 Dex+4 Slay+3} (You found it in the Desolation of Salt)
 31054 | Desolati | Identified the cursed ring of Birdsong {EV-3 Int+4} (You found it in the Desolation of Salt)
 31310 | Desolati | Reached skill level 7 in Necromancy
 31317 | Desolati | Reached skill level 8 in Earth Magic
 31349 | Desolati | Reached skill level 8 in Spellcasting
 31389 | Desolati | Reached skill level 21 in Axes
 31614 | Desolati | Identified Sif Muna's Reference Book on the Shifting Volcanoes
 31629 | Desolati | Identified the ring of Fatigue {MR++ Dex-2 SInv} (You found it in the Desolation of Salt)
 31659 | Desolati | Identified the ring "Eloteus" {*Tele Slay+3} (You found it in the Desolation of Salt)
 31867 | Desolati | Reached XP level 18. HP: 158/158 MP: 30/30
 32054 | Desolati | Got warped ice dragon scales
 32055 | Desolati | Identified the +7 ice dragon scales of Dotec {rF- rC++ rN++} (You found it in the Desolation of Salt)
 32180 | Desolati | Got a pitted triple sword
 32188 | Desolati | Identified the +1 chain mail of Insecurity {rN+} (You found it in the Desolation of Salt)
 32249 | Desolati | Learned a level 6 spell: Statue Form
 32439 | D:9      | Bought a scroll of identify for 26 gold pieces
 32439 | D:9      | Bought a scroll of identify for 26 gold pieces
 32439 | D:9      | Bought 3 scrolls of identify for 78 gold pieces
 32472 | D:9      | Identified the +4 triple sword of Extinguishment {protect, +Blink rElec MP-9 Str+2} (You found it in the Desolation of Salt)
 32835 | Elf:2    | Reached skill level 8 in Necromancy
 32963 | Elf:2    | Found a runed gate.
 32963 | Elf:2    | Found a runed gate.
 32976 | Elf:2    | Found a runed gate.
 33107 | Elf:2    | Reached skill level 9 in Earth Magic
 33290 | Elf:2    | Reached skill level 1 in Transmutations
 33658 | Elf:2    | Reached skill level 2 in Transmutations
 33862 | Elf:3    | Entered Level 3 of the Elven Halls
 33883 | Elf:3    | Found Qibos's Gadget Shop.
 33923 | Elf:3    | Reached skill level 22 in Axes
 33940 | Elf:3    | Found Inyef's Armour Boutique.
 34081 | Elf:3    | Found Ruunetoc's Armour Emporium.
 34301 | Elf:3    | Noticed Asterion
 34313 | Elf:3    | Killed Asterion
 34454 | Elf:3    | Noticed a deep elf blademaster
 34455 | Elf:3    | Noticed a deep elf master archer
 34471 | Elf:3    | HP: 39/158 [deep elf blademaster/rapier of freezing (7)]
 34471 | Elf:3    | HP: 19/158 [deep elf master archer/arrow (19)]
 34482 | Elf:3    | Killed a deep elf blademaster
 34484 | Elf:3    | HP: 39/158 [deep elf master archer/arrow (20)]
 34488 | Elf:3    | HP: 14/158 [deep elf master archer/arrow (14)]
 34490 | Elf:3    | HP: 6/158 [deep elf master archer/arrow (17)]
 34717 | Elf:3    | Killed a deep elf master archer
 34717 | Elf:3    | Reached skill level 9 in Spellcasting
 34837 | Elf:3    | Noticed a deep elf master archer
 34846 | Elf:3    | Noticed a deep elf blademaster
 34848 | Elf:3    | Reached skill level 9 in Necromancy
 34873 | Elf:3    | Killed a deep elf master archer
 34883 | Elf:3    | Killed a deep elf blademaster
 34883 | Elf:3    | Reached skill level 3 in Transmutations
 34953 | Elf:3    | Noticed a deep elf blademaster
 34990 | Elf:2    | HP: 37/158 [deep elf blademaster/quick blade (10)]
 34991 | Elf:2    | Killed a deep elf blademaster
 35245 | Elf:3    | Reached XP level 19. HP: 166/166 MP: 32/32
 35604 | Elf:3    | Reached skill level 10 in Earth Magic
 36653 | Elf:3    | Identified the Almanac of Changing and Darkness
 37166 | Elf:3    | Identified the ring of Starshine {rC- Str+4 Int+3 Dex+3 Stlth-} (You found it on level 3 of the Elven Halls)
 37512 | Elf:3    | Got a crude hand axe
 37869 | Elf:3    | Got a bloodstained flail {speed}
 38542 | Elf:3    | Learned a level 4 spell: Summon Lightning Spire
 38794 | D:11     | Bought the ring of Freedom {Fire Str+4 Int+4 Stlth+} for 722 gold pieces
 38954 | Shoals:1 | Entered Level 1 of the Shoals
 39462 | Shoals:1 | Reached skill level 14 in Fighting
 39493 | Shoals:1 | HP: 37/167 [snapping turtle (10)]
 39499 | Shoals:1 | HP: 37/167 [snapping turtle (12)]
 39851 | Shoals:1 | Reached skill level 4 in Transmutations
 39869 | Shoals:1 | HP: 26/167 [merfolk javelineer/steel javelin (17)]
 39871 | Shoals:1 | HP: 3/167 [merfolk javelineer/steel javelin (16)]
 40693 | Spider:1 | Entered Level 1 of the Spider Nest
 40699 | Spider:1 | Reached skill level 1 in Summonings
 41172 | Spider:1 | Noticed Donald
 41181 | Spider:1 | Killed Donald
 41634 | Spider:1 | Reached skill level 2 in Summonings
 41650 | Spider:1 | Reached skill level 23 in Axes
 42298 | Spider:2 | Noticed Louise
 42325 | Spider:2 | Killed Louise
 43048 | Spider:3 | Paralysed by a hornet for 3 turns
 43174 | Spider:3 | Reached XP level 20. HP: 137/176 MP: 3/33
 43228 | Spider:3 | Reached skill level 3 in Summonings
 43770 | Spider:4 | Entered Level 4 of the Spider Nest
 44178 | Spider:4 | Reached skill level 6 in Air Magic
 44379 | Spider:4 | Reached skill level 5 in Transmutations
 44409 | Spider:4 | Reached skill level 11 in Earth Magic
 44411 | Spider:4 | HP: 44/176 [disintegration (8)]
 44416 | Spider:4 | HP: 44/176 [poisoned by an emperor scorpion]
 44421 | Spider:4 | HP: 41/176 [poisoned by an emperor scorpion]
 44639 | Spider:4 | Reached skill level 4 in Summonings
 44827 | Spider:4 | Reached skill level 10 in Spellcasting
 44888 | Spider:4 | Got a gossamer rune of Zot
 45850 | Shoals:1 | Noticed Nikola
 45870 | Shoals:1 | Killed Nikola
 45897 | Shoals:1 | Reached skill level 15 in Fighting
 46180 | Shoals:1 | Reached skill level 5 in Summonings
 46804 | Shoals:2 | Reached skill level 24 in Axes
 46996 | Shoals:2 | Reached XP level 21. HP: 167/184 MP: 35/35
 48140 | Shoals:3 | Noticed Polyphemus
 48151 | Shoals:3 | Killed Polyphemus
 48471 | Shoals:3 | Found a shimmering altar of Xom.
 48600 | Shoals:3 | Got a warped chain mail
 48611 | Shoals:3 | Identified the +5 chain mail "Gipiyn" {Int+7} (You acquired it on level 3 of the Shoals)
 48642 | Shoals:3 | Reached skill level 25 in Axes
 49180 | Shoals:4 | Entered Level 4 of the Shoals
 49204 | Shoals:4 | Noticed Ilsuiw
 49225 | Shoals:4 | Noticed Monsterracer's ghost (adept HuIE)
 49229 | Shoals:4 | Killed Ilsuiw
 49251 | Shoals:4 | HP: 37/184 [Monsterracer's ghost/fireball (25)]
 49252 | Shoals:4 | HP: 16/184 [Monsterracer's ghost/fireball (20)]
 49253 | Shoals:4 | Killed from afar by Monsterracer's ghost

Skill      XL: |  1  2  3  4  5  6  7  8  9 10 11 12 13 14 15 16 17 18 19 20 21 |
---------------+----------------------------------------------------------------+-----
Axes           | 3 4 5 6 8 9 12 14 15 16 17 18 19 20 21 22 23 24 25 | 25.3
Fighting       | 4 5 6 7 9 10 11 12 13 14 15 | 15.1
Spellcasting   | 1 2 3 4 5 6 7 8 9 10 | 10.2
Charms         | 1 2 4 5 |  5.5
Air Magic      | 1 2 4 5 6 |  6.8
Invocations    | 2 4 6 8 9 10 11 12 | 12.3
Armour         | 5 6 7 8 9 10 11 | 11.2
Evocations     | 1 3 5 6 7 |  7.5
Earth Magic    | 3 4 5 7 8 9 10 11 | 11.4
Dodging        | 2 4 5 6 |  6.1
Necromancy     | 2 4 5 7 9 |  9.7
Transmutations | 3 4 5 |  5.7
Summonings     | 2 5 |  5.2
Shields        | |  3.2

Action                   |  1- 3 |  4- 6 |  7- 9 | 10-12 | 13-15 | 16-18 | 19-21 || total
-------------------------+-------+-------+-------+-------+-------+-------+-------++-------
Melee: War axe           |    48 |   161 |   224 |   557 |       |       |       ||   990
       Battleaxe         |       |       |       |    71 |   812 |    74 |       ||   957
       Trident           |       |       |       |    16 |    98 |    10 |    23 ||   147
       Executioner's axe |       |       |       |       |       |   924 |  1105 ||  2029
 Cast: Swiftness         |       |       |       |     2 |     1 |       |       ||     3
       Regeneration      |       |       |       |       |     2 |    24 |    22 ||    48
       Lee's Rapid Decon |       |       |       |       |       |     1 |       ||     1
       Borgnjor's Vile C |       |       |       |       |       |       |    10 ||    10
Invok: Lesser Servant of |       |       |       |     1 |     1 |     1 |     3 ||     6
       Minor Destruction |       |       |       |       |       |       |     3 ||     3
Evoke: Wand              |       |       |     3 |     1 |     3 |     1 |       ||     8
       Phial of floods   |       |       |       |       |     1 |       |       ||     1
       Box of beasts     |       |       |       |       |       |       |     1 ||     1
  Use: Scroll            |       |       |    11 |     6 |    17 |    12 |    17 ||    63
       Potion            |       |       |       |     5 |     5 |     7 |     3 ||    20
 Stab: Confused          |       |       |       |       |     1 |       |       ||     1
       Distracted        |       |       |       |       |       |       |     5 ||     5
       Petrified         |       |       |       |       |       |       |     6 ||     6
       Petrifying        |       |       |       |       |       |       |     2 ||     2
  Eat: Chunk             |       |     5 |     8 |    22 |    17 |    10 |    20 ||    82
       Ration            |       |       |     1 |     4 |     4 |     7 |     9 ||    25
Armor: Scale mail        |    21 |    73 |     1 |       |   122 |       |       ||   217
       Ring mail         |       |       |    74 |   241 |       |       |       ||   315
       Plate armour      |       |       |       |    17 |    29 |       |       ||    46
       Ice dragon scales |       |       |       |       |   484 |   754 |  1419 ||  2657
Dodge: Dodged            |    11 |    45 |    62 |   176 |   448 |   511 |   946 ||  2199
Block: Shield            |    31 |    80 |   101 |   206 |       |       |       ||   418
       Other             |       |       |       |       |    16 |   166 |   279 ||   461
       Reflection        |       |       |       |       |       |    11 |    22 ||    33

Vault maps used:
D:1:      saegor_arrival_fortress
D:2:      minmay_wonky_spiral
D:4:      first_ration, gup_ossuary_entry_pyramid, uniq_crazy_yiuf_cottage
D:5:      nemelex_xobeh_ov_fountains_minmay, serial_undead, serial_undead_b,
          serial_undead_c, serial_undead_f, serial_undead_e, uniq_ijyb
D:6:      serial_shops, shop
D:7:      lemuel_crystal_altar, temple_doors_e, grunt_livestock
D:8:      serial_corexii_hall, corexii_hall_statues_i, corexii_hall_statues_s,
          grunt_ministairs_3, uniq_pikel
D:9:      minmay_lair_entry_grove, serial_shops, shop, serial_bayou_lake_a,
          uniq_prince_ribbit1
D:10:     erik_orc_3, serial_shops, shop
D:11:     serial_shops, shop, uniq_harold
D:12:     minmay_two_paths
D:13:     uniq_snorg
D:14:     erik_vaults_2, ashenzari_altar_1, st_stairs_12
D:15:     grunt_enter_depths_snipers, serial_shops, nicolae_shop_stone,
          lemuel_doored_altar, yredelemnul_altar_generic, uniq_azrael
Temple:   regret_index_temple_chain_breaker
Lair:1:   serial_bayou_pond_d
Lair:2:   shoals_dummy_entry, grunt_megastairs_2
Lair:3:   spider_nest_entry_a, portal_ice_cave_entry_pillars_1, uniq_fannar
Lair:4:   grunt_forest_large_clearings, minmay_lair_oklob_chamber
Lair:5:   minmay_another_anthill, uniq_urug
Lair:6:   minmay_lair_end_frog_pond, slime_dummy
Shoals:1: cheibrodos_shoals_oceanic_diplomacy, st_sunken_temple, uniq_nikola
Shoals:2: hangedman_shoals_cup_caves
Shoals:3: lemuel_centaur_altar, uniq_polyphemus
Shoals:4: shoals_end_grunt_ice, shoal_ilsuiw, yaktaur_hedge
Spider:1: spider_trap, uniq_donald
Spider:2: uniq_louise
Spider:4: floodkiller_spider_rune_tomb
Orc:1:    minmay_goldmine
Orc:2:    st_orc_open, nicolae_orc_lost_temple
Elf:1:    minmay_elf_arrival_summoners, serial_shops, shop,
          hangedman_elf_represent, uniq_agnes
Elf:2:    portal_desolation_entry_ruin
Elf:3:    minmay_elf_hall, serial_shops, shop, st_stairs_6, minmay_shoptagon,
          uniq_asterion
Ossuary:  minmay_ossuary_gauntlet
IceCv:    ice_cave_small_dragons

Table legend:
 A = Turns spent in this place as a percentage of turns spent in the entire game.
 B = Non-inter-level travel turns spent in this place as a percentage of non-inter-level travel turns spent in the entire game.
 C = Inter-level travel turns spent in this place as a percentage of turns spent in this place.
 D = Turns resting spent in this place as a percentage of non-inter-level travel turns spent in this place.
 E = Turns spent auto-exploring this place as a percentage of non-inter-level travel turns spent in this place.
 F = Non-inter-level travel turns spent in this place divided by the number of levels of this place that you've seen.
                   A       B       C       D       E      F
               +-------+-------+-------+-------+-------+----------------------
         Total | 100.0 | 100.0 |   7.1 |  21.3 |  30.5 | 1204.2
       Dungeon |  42.3 |  41.7 |   8.3 |  28.4 |  34.0 | 1272.3
        Temple |   0.4 |   0.3 |  18.3 |   0.0 |  85.7 | 147.0
          Lair |  14.2 |  13.7 |  10.4 |  12.4 |  44.9 | 1047.2
        Shoals |   8.7 |   9.2 |   1.8 |   8.9 |  33.4 | 1048.8
   Spider Nest |   9.1 |   9.5 |   3.0 |  13.0 |  25.8 | 1091.2
  Orcish Mines |   4.1 |   3.9 |  10.4 |   0.0 |  49.6 | 897.5
   Elven Halls |  15.8 |  15.8 |   7.5 |  25.7 |  14.5 | 2403.3
       Ossuary |   0.7 |   0.7 |   0.0 |  56.1 |   0.0 | 321.0
      Ice Cave |   2.1 |   2.2 |   0.0 |  54.5 |   5.5 | 1028.0
    Desolation |   2.7 |   2.9 |   0.0 |   0.0 |   0.7 | 1332.0
               +-------+-------+-------+-------+-------+----------------------

Table legend:
 A = Kills in this place as a percentage of kills in entire the game.
 B = Kills by you in this place as a percentage of kills by you in the entire game.
 C = Kills by friends in this place as a percentage of kills by friends in the entire game.
 D = Other kills in this place as a percentage of other kills in the entire game.
 E = Experience gained in this place as a percentage of experience gained in the entire game.
 F = Experience gained in this place divided by the number of levels of this place that you have seen.
                   A       B       C       D       E      F
               +-------+-------+-------+-------+-------+----------------------
         Total | 100.0 | 100.0 | 100.0 | 100.0 | 100.0 | 14178.2
       Dungeon |  29.3 |  29.3 |  33.3 |   0.0 |  14.4 | 5189.4
          Lair |  16.5 |  16.5 |   0.0 |   0.0 |  10.9 | 9791.2
        Shoals |  11.4 |  11.2 |  66.7 |   0.0 |  17.8 | 23913.0
   Spider Nest |  14.3 |  14.4 |   0.0 |   0.0 |  17.8 | 24035.8
  Orcish Mines |   9.7 |   9.8 |   0.0 |   0.0 |   4.5 | 12115.5
   Elven Halls |  10.1 |  10.1 |   0.0 | 100.0 |  24.2 | 43377.0
       Ossuary |   1.1 |   1.1 |   0.0 |   0.0 |   0.0 |  94.0
      Ice Cave |   1.3 |   1.4 |   0.0 |   0.0 |   1.0 | 5338.0
    Desolation |   6.3 |   6.3 |   0.0 |   0.0 |   9.4 | 50594.0
               +-------+-------+-------+-------+-------+----------------------
